Map: Eternal Empire LE

Players

SpeCial - Winner!

  • Race: Terran Terran
  • League: Master
  • Spawn Location: 1:00

SortOf

  • Race: Zerg Zerg
  • League: Grandmaster
  • Spawn Location: 7:00

Event: War Chest Team League

VOD

Have the link to the VOD?

Description

Time

  • Played on: Aug. 2, 2020, 9:44 a.m.
  • Length: 8:44
Show
View Real Time Build Order
Export as new Build Order

SpeCial Terran - Winner!

Build Orders: Liberator Opening, Reaper Expand 

Get SALT Encoding   

  12  0:00  SCV  
  13  0:12  SCV  
  14  0:17  Supply Depot  
  14  0:24  SCV  
  15  0:39  SCV  
  15  0:41  Barracks  
  16  0:44  Refinery  
  16  0:51  SCV  
  17  1:03  SCV  
  18  1:15  SCV  
  19  1:27  Reaper  
  19  1:28  Orbital Command  
  20  1:40  Command Center  
  20  1:48  Supply Depot  
  20  1:53  SCV  
  21  1:59  Marine  
  22  2:06  Factory  
  22  2:08  SCV  
  23  2:13  Refinery  
  23  2:20  SCV  
  24  2:23  Barracks Reactor  
  24  2:32  SCV  
  25  2:44  SCV  
  26  2:52  Orbital Command  
  26  2:54  Starport  
  26  2:56  SCV  
  31  3:05  Hellion x2  
  31  3:07  Barracks Tech Lab  
  31  3:08  SCV  
  32  3:20  SCV x2  
  32  3:26  Supply Depot  
  34  3:28  Marine  
  34  3:29  Hellion  
  34  3:30  Hellion  
  34  3:32  SCV, Liberator  
  43  3:35  SCV  
  44  3:41  Stimpack  
  44  3:44  SCV  
  45  3:48  Supply Depot  
  45  3:53  Hellion x2  
  45  3:54  SCV  
  50  3:56  SCV  
  50  4:00  Marine  
  52  4:07  Barracks  
  52  4:09  SCV x2  
  54  4:11  Supply Depot  
  54  4:19  Marine  
  54  4:21  Barracks  
  54  4:22  SCV  
  56  4:25  Starport Reactor, Factory Reactor  
  56  4:27  SCV  
  57  4:34  SCV, Supply Depot  
  57  4:37  Marine  
  59  4:39  Engineering Bay  
  59  4:41  SCV  
  60  4:46  SCV  
  61  4:54  SCV, Marine  
  63  5:00  Command Center  
  63  5:04  Marine  
  63  5:06  SCV  
  65  5:08  SCV  
  65  5:10  Marine  
  65  5:12  Marine  
  66  5:17  Marine  
  66  5:18  SCV  
  66  5:20  SCV  
  61  5:23  Combat Shield  
  61  5:27  Terran Infantry Weapons Level 1  
  58  5:28  Medivac x2  
  58  5:29  Refinery  
  58  5:30  Refinery, Marine x3  
  58  5:31  Marine  
  58  5:32  Factory Tech Lab  
  58  5:33  SCV x2  
  68  5:36  Supply Depot  
  68  5:38  Marine  
  69  5:43  Missile Turret  
  69  5:45  SCV  
  69  5:48  SCV, Marine x2  
  69  5:49  Missile Turret  
  73  5:53  Marine  
  73  5:54  Marine  
  73  5:55  Marine  
  73  5:56  Supply Depot  
  76  5:58  SCV  
  76  6:02  Siege Tank  
  80  6:06  Marine x2  
  80  6:08  SCV  
  80  6:10  SCV  
  84  6:11  Marine x2  
  84  6:12  Missile Turret  
  84  6:15  Orbital Command  
  84  6:17  Marine  
  87  6:23  Marine  
  87  6:24  Marine  
  87  6:25  SCV  
  90  6:29  Marine x2  
  92  6:34  Medivac x2, Supply Depot  
  92  6:35  Orbital Command, Marine  
  97  6:41  Marine, Siege Tank  
  97  6:44  SCV, Marine  
  97  6:46  SCV  
  104  6:47  Marine x2  
  104  6:53  Marine  
  107  6:55  Missile Turret  
  107  6:57  SCV  
  107  6:58  SCV  
  107  6:59  Marine  
  107  7:01  Barracks  
  110  7:03  Marine  
  110  7:04  Barracks  
  110  7:07  SCV  
  111  7:10  SCV, Marine  
  113  7:16  Siege Tank  
  113  7:19  Marine  
  113  7:20  Armory  
  113  7:21  Marine  
  113  7:22  SCV x2, Engineering Bay  
  117  7:24  Supply Depot  
  117  7:25  SCV  
  117  7:26  Marine  
  117  7:27  Marine  
  117  7:29  Marine  
  121  7:34  SCV x2  
  123  7:37  Marine  
  123  7:39  Marine  
  123  7:41  SCV  
  125  7:45  Marine x2  
  125  7:46  Supply Depot  
  125  7:47  Marine  
  125  7:48  Siege Tank  
  125  7:49  Medivac  
  133  7:57  Barracks Reactor x2  
  133  8:01  Supply Depot  
  133  8:02  Supply Depot  
  133  8:06  SCV x2, Marine x2  
  133  8:08  SCV, Medivac  
  133  8:09  Marine  
  133  8:10  Marine x2  
  136  8:17  Factory  
  136  8:18  SCV  
  139  8:20  SCV  
  139  8:24  Marine x2  
Show
View Real Time Build Order
Export as new Build Order

SortOf Zerg 

Build Orders: Hatch First, Muta Ling Bane 

Get SALT Encoding   

  12  0:00  Drone  
  13  0:12  Overlord  
  13  0:17  Drone  
  14  0:32  Drone x2  
  16  0:48  Hatchery  
  15  0:52  Drone  
  16  0:57  Drone  
  16  0:59  Drone  
  18  1:14  Spawning Pool  
  18  1:16  Extractor  
  16  1:18  Drone  
  16  1:22  Drone  
  18  1:28  Drone  
  20  1:40  Drone  
  20  1:51  Overlord  
  20  2:00  Queen  
  20  2:01  Queen  
  24  2:02  Zergling x4  
  26  2:10  Drone  
  26  2:11  Drone  
  28  2:17  Metabolic Boost  
  28  2:21  Drone  
  28  2:22  Drone  
  30  2:34  Overlord  
  30  2:36  Queen  
  32  2:38  Drone  
  33  2:46  Queen  
  33  2:49  Drone  
  36  2:55  Drone  
  36  2:56  Drone x2  
  39  3:04  Overlord  
  39  3:05  Drone  
  39  3:11  Drone x3  
  43  3:16  Lair  
  43  3:19  Extractor  
  42  3:20  Drone  
  42  3:23  Drone  
  42  3:25  Drone  
  42  3:26  Drone  
  46  3:28  Drone  
  46  3:34  Zergling x2  
  48  3:37  Drone  
  49  3:45  Hatchery  
  48  3:49  Drone x3  
  50  3:56  Zergling x2  
  50  3:59  Drone  
  50  4:00  Drone, Baneling Nest  
  52  4:02  Extractor  
  52  4:03  Drone, Extractor  
  52  4:04  Drone  
  52  4:09  Evolution Chamber  
  51  4:11  Overlord  
  51  4:13  Drone  
  51  4:14  Overseer  
  52  4:22  Spire  
  51  4:24  Drone  
  51  4:30  Overlord  
  52  4:33  Spore Crawler, Queen  
  52  4:37  Drone  
  54  4:39  Drone x2  
  54  4:43  Drone  
  54  4:44  Drone x2  
  59  4:48  Zergling x2  
  60  4:54  Zergling x8  
  63  5:00  Drone x3  
  63  5:12  Drone x4  
  59  5:18  Drone x2  
  59  5:21  Drone  
  56  5:22  Drone  
  56  5:26  Drone  
  58  5:36  Mutalisk x3  
  58  5:39  Mutalisk  
  66  5:44  Overlord  
  66  5:47  Mutalisk  
  68  5:51  Drone x2  
  68  5:53  Drone  
  68  5:54  Drone  
  68  5:56  Drone  
  73  5:59  Overlord  
  73  6:01  Drone  
  73  6:03  Drone  
  75  6:06  Drone x2  
  75  6:09  Drone x2  
  79  6:13  Mutalisk  
  79  6:16  Overlord  
  80  6:19  Mutalisk  
  80  6:22  Baneling x2  
  80  6:23  Mutalisk  
  80  6:25  Zergling x2  
  85  6:30  Mutalisk x2  
  89  6:37  Centrifical Hooks, Drone, Extractor  
  89  6:38  Extractor  
  88  6:41  Zerg Flyer Weapons Level 1  
  88  6:42  Zergling x4  
  88  6:45  Drone x2  
  88  6:46  Drone  
  93  6:50  Mutalisk  
  93  6:51  Overlord  
  95  6:56  Drone x2  
  95  6:57  Drone  
  98  7:01  Overlord  
  98  7:09  Evolution Chamber  
  96  7:17  Mutalisk  
  96  7:19  Drone x3  
  96  7:21  Drone x5  
  106  7:30  Zergling x8, Baneling  
  106  7:31  Zergling x2  
  111  7:37  Mutalisk  
  111  7:39  Overlord  
  111  7:42  Zergling x2  
  113  7:46  Baneling  
  113  7:47  Baneling x7  
  113  7:48  Overlord  
  113  7:52  Overlord  
  113  7:55  Overlord  
  113  7:57  Overlord  
  113  7:59  Overlord  
  113  8:02  Baneling x8  
  112  8:08  Zergling x12  
  113  8:15  Mutalisk x2  
  113  8:17  Zergling x8  
  114  8:30  Baneling x3  
Tags
 
Add a new tag
Caveats
  • Supply blocks, unpowered buildings, or Contaminate may cause inaccurate times.
  • Supply counts are checked every 10 seconds.